Cogmind - Beta 16.1 @@@ ROGUE MODE // 2026.03.21 @ 14:45:43 Player: APerTAS Result: Core destroyed Performance ------------- Evolutions (0) 0 Regions Visited (1) 200 Robots Destroyed (20) 100 Value Destroyed (341) 341 Prototype IDs (0) 0 Alien Tech Used (0) 0 Bonus (0) 0 TOTAL SCORE: 641 Bonus ------- None Cogmind --------- Core Integrity 0/250 Matter 235/300 Energy 100/100 System Corruption 26% Temperature Cool (0) Movement Core (50) Location -10/Materials Parts ------- > --- POWER (1) -------- (None) > --- PROPULSION (2) --- (None) > --- UTILITY (2) ------ (None) > --- WEAPON (2) ------- (None) > --- INVENTORY (5) ---- Wheel Heat Sink Targeting Computer Small Laser Beam Cannon Peak State ------------ > --- POWER ------------ Light Ion Engine > --- PROPULSION ------- Light Treads Light Treads > --- UTILITY ---------- High-capacity Storage Unit Seismic Detector > --- WEAPON ----------- Medium Laser Light Assault Rifle > --- INVENTORY -------- Ion Engine Wheel Wheel Tractor Beam Medium Laser Small Laser Small Laser Beam Cannon Datajack Mining Laser [Rating: 8] Favorites ----------- Power Light Ion Engine Engine Light Ion Engine Propulsion Light Treads Treads Light Treads Wheel Wheel Utility Seismic Detector Device Seismic Detector Storage High-capacity Storage Unit Weapon Light Assault Rifle Energy Gun Medium Laser Ballistic Gun Light Assault Rifle Special Weapon Mining Laser Build | -11 -10 ------- Run | Yrd Mat Slots Evolved . | . . Power . | . . Propulsion . | . . Utility . | . . Weapon . | . . Parts Attached 13 | 7 6 Power 2 | 1 1 Engine 2 | 1 1 Core . | . . Reactor . | . . Propulsion 3 | 2 1 Treads 2 | 2 . Leg . | . . Wheel 1 | . 1 Hover . | . . Flight . | . . Utility 3 | 2 1 Device 1 | 1 . Storage 2 | 1 1 Processor . | . . Hackware . | . . Protection . | . . Artifact . | . . Weapon 5 | 2 3 Energy Gun 1 | 1 . Energy Cannon . | . . Ballistic Gun 3 | 1 2 Ballistic Cannon . | . . Launcher . | . . Special Weapon 1 | . 1 Impact Weapon . | . . Slashing Weapon . | . . Piercing Weapon . | . . Special Melee Weapon . | . . Unidentified Prototypes . | . . Parts Lost 2 | . 2 Power . | . . Propulsion 1 | . 1 Utility 1 | . 1 Weapon . | . . Highest Loss Streak 1 | . 1 To Critical Strikes . | . . Average Backups 9 | 3 10 Power 1 | . 1 Propulsion 1 | 1 1 Utility 1 | . 2 Weapon 4 | . 4 Tool/Special . | . . Unused Backups 13 | . 13 Power 2 | . 2 Propulsion 1 | . 1 Utility 3 | . 3 Weapon 6 | . 6 Tool/Special 1 | . 1 Average Slot Usage (%) 97 | . 97 Engine 13 | . 13 Treads 25 | . 25 Wheel 2 | . 2 Device 13 | . 13 Storage 13 | . 13 Energy Gun 9 | . 9 Ballistic Gun 17 | . 17 Peak Build Rating 8 | 7 8 Average Rating 7 | 5 7 On Entrance 3 | . 7 Avg Prop Armor Cover (%) 13 | . 13 Naked Turns 20 | . 20 Heaviest Build 48 | 12 48 Greatest Support 40 | 40 40 Greatest Overweight (x) 4 | . 4 Average Overweight (x) . | . . Largest Inventory Capacity 20 | 8 20 Average Capacity 15 | 6 16 Most Carried 15 | 5 15 Average Carried 9 | 3 10 Final Capacity 8 | 8 5 Final Carried 5 | 5 5 Class Distribution -------------------- 100% | Mutant Dominant Class ---------------- Mutant | -10/Materials Resources | -11 -10 ----------- Run | Yrd Mat Matter Collected 432 | 277 155 Remotely . | . . Salvage Created 569 | 87 482 Parts 32 | 4 28 Haulers Intercepted . | . . Recyclers Shooed 5 | . 5 Parts Field Recycled . | . . Retrieved Matter . | . . Parts Self-Destructed . | . . Prevented . | . . Parts Restored . | . . Kills | -11 -10 ------- Run | Yrd Mat Combat Hostiles Destroyed 13 | . 13 Guns 13 | . 13 Classes Destroyed 6 | 2 4 Worker 4 | . 4 Tunneler 1 | 1 . Recycler 1 | 1 . Watcher 1 | . 1 Swarmer 6 | . 6 Grunt 7 | . 7 Best Kill Streak 4 | 1 4 Combat Bots Only 3 | . 3 Max Kills in Single Turn 1 | 1 1 Gunslinging . | . . Exploded . | . . Melee . | . . Uniques/NPCs Destroyed . | . . Combat | -11 -10 -------- Run | Yrd Mat Hostile Shots Fired 70 | . 70 Missed 14 | . 14 Hits 56 | . 56 Projectile 56 | . 56 Critical Strikes 1 | . 1 Damage Taken 698 | . 698 Core 253 | . 253 Absorbed by Shields . | . . Core Remaining (%) 100 | 100 . Volleys Fired 110 | 7 103 Largest 2 | 2 2 Hottest 100 | 70 100 Shots Fired 217 | 14 203 Gun 216 | 14 202 Cannon . | . . Launcher . | . . Special 1 | . 1 Kinetic 167 | 7 160 Thermal 50 | 7 43 Explosive . | . . Electromagnetic . | . . Robot Hit Streak 10 | 4 10 Robot Miss Streak 3 | 1 3 Penetration Max . | . . Secondary Targets 2 | . 2 Max Gunslinging Chain 1 | . 1 Shots Hit Robots 118 | 10 108 Core Hits 39 | 4 35 Critical Kills 1 | . 1 Critical Parts Destroyed . | . . Critical Strikes 3 | . 3 Burn 2 | . 2 Destroy 1 | . 1 Melee Attacks . | . . Impact . | . . Slashing . | . . Piercing . | . . Sneak Attacks . | . . Combat Hostiles . | . . Follow-up Attacks . | . . Damage Inflicted 1201 | 103 1098 Guns 1075 | 103 972 Cannons . | . . Explosions . | . . Melee . | . . Ramming 126 | . 126 Kinetic 651 | 42 609 Thermal 424 | 61 363 Explosive . | . . Electromagnetic . | . . Impact . | . . Slashing . | . . Piercing . | . . Highest Corruption 26 | . 26 Average Corruption 12 | . 12 Corruption Purged . | . . Corruption Blocked . | . . Effects 1 | . 1 Message Errors 1 | . 1 Overload Shots . | . . Overflow Damage . | . . Projectiles . | . . Explosions . | . . Melee . | . . Knockbacks . | . . Impact . | . . Kinetic . | . . Secondary . | . . Self-Inflicted Damage 126 | . 126 Shots . | . . Rammed . | . . Targets Rammed . | . . Kicked . | . . Crushed . | . . Highest Temperature 216 | 70 216 Average Temperature 56 | 28 60 Received Heat Transfer 150 | . 150 Siege Activations . | . . Martial Activations . | . . Shielding Activations . | . . Robots Disrupted . | . . Combat Hostiles . | . . Robots Corrupted . | . . Combat Hostiles . | . . Parts Fried . | . . Impact Corruptions . | . . Robots Melted . | . . Combat Hostiles . | . . Parts Melted 3 | . 3 Heat Transferred 1406 | 185 1221 Parts Sabotaged . | . . Parts Stolen . | . . Parts Stripped . | . . Power Chain Reactions . | . . Alert | -11 -10 ------- Run | Yrd Mat Maximum Alert Level . | . . Low Security (%) 100 | 100 100 Level 1 . | . . Level 2 . | . . Level 3 . | . . Level 4 . | . . Level 5 . | . . High Security . | . . Max Security . | . . Peak Influence 125 | 5 125 Initial . | . . Average 33 | . 37 Influence Increases 367 | 10 357 Destroy 0b10 Robot/C 260 | . 260 Destroy 0b10 Robot/NC 35 | 10 25 Destroy Leader 52 | . 52 Successful Hack 5 | . 5 Disable Machine 15 | . 15 Influence Decreases 267 | 10 257 Time Decay 247 | 10 237 Lost Part 20 | . 20 Squads Dispatched 5 | . 5 Investigation 3 | . 3 Extermination . | . . Reinforcement 2 | . 2 Assault . | . . Garrison . | . . Intercept . | . . Searches Triggered . | . . Construction Impeded . | . . Haulers Reinforced . | . . Active Scanning Responses . | . . Cargo Convoy Interrupts . | . . Stealth | -11 -10 --------- Run | Yrd Mat Distress Signals 1 | . 1 Communications Jammed . | . . Distress Signals . | . . Times Spotted 23 | . 23 Peak Tracking Total 5 | . 5 Tactical Retreats . | . . Traps | -11 -10 ------- Run | Yrd Mat Traps Triggered 2 | . 2 Indirectly . | . . Trap Hack Attempts . | . . Triggered . | . . Disarmed . | . . Reprogrammed . | . . Reused . | . . Traps Extracted . | . . Installed . | . . Triggered . | . . Machines | -11 -10 ---------- Run | Yrd Mat Machines Disabled 1 | . 1 Max in Single Turn 1 | . 1 Machines Repaired . | . . Machines Dismantled . | . . Machines Sabotaged . | . . Overloaded Fab Kills . | . . Hacking | -11 -10 --------- Run | Yrd Mat Machines Accessed 4 | . 4 Terminals 3 | . 3 Fabricators . | . . Repair Stations . | . . Recycling Units 1 | . 1 Scanalyzers . | . . Garrison Access . | . . Total Hacks 11 | . 11 Successful 3 | . 3 Failed 8 | . 8 Catastrophic 3 | . 3 Database Lockouts . | . . Manual 11 | . 11 Terminals 8 | . 8 Fabricators . | . . Repair Stations . | . . Recycling Units 3 | . 3 Scanalyzers . | . . Garrison Access . | . . Terminal Hacks 1 | . 1 Recall Reinforcements 1 | . 1 Fabricator Hacks . | . . Repair Station Hacks . | . . Recycling Unit Hacks . | . . Scanalyzer . | . . Garrison Access Hacks . | . . Unauthorized Hacks 2 | . 2 Terminals 2 | . 2 Botnet 2 | . 2 Fabricators . | . . Repair Stations . | . . Recycling Units . | . . Scanalyzers . | . . Garrison Access . | . . Data Cores Recovered . | . . Used . | . . Hacking Detections 4 | . 4 Full Trace Events 1 | . 1 Feedback Events . | . . Feedback Blocked . | . . Robot Schematics Acquired . | . . Robots Built . | . . Authchips . | . . Time . | . . Total Robot Build Rating . | . . Part Schematics Acquired . | . . Parts Built . | . . Authchips . | . . Time . | . . Total Part Build Rating . | . . Part Studies Acquired . | . . Parts Repaired . | . . Time . | . . Parts Recycled . | . . Recycled Matter . | . . Retrieved Matter . | . . Retrieved Components . | . . Parts Scanalyzed . | . . Part Schematics Acquired . | . . Parts Damaged . | . . Bothacking | -11 -10 ------------ Run | Yrd Mat Used RIF Installer . | . . Robots Hacked . | . . Non-combat . | . . Combat . | . . Robot Hacks Applied . | . . Relay Couplers Released . | . . Fabnet Peak Effective % . | . . Robots Rewired . | . . Allies Hacked . | . . Hacks Repelled . | . . Allies | -11 -10 -------- Run | Yrd Mat Total Allies . | . . Largest Group . | . . Highest-Rated Group . | . . Highest-Rated Ally . | . . Total Orders . | . . Ally Attacks . | . . Total Damage . | . . Kills . | . . Allies Corrupted . | . . Allies Melted . | . . Intel | -11 -10 ------- Run | Yrd Mat Active Infowar (turns) 1153 | 67 1086 Seismic 1153 | 67 1086 Robot Analysis Total . | . . Derelict Logs Recovered . | . . Drone Launches . | . . Drone Recoveries . | . . Exploration | -11 -10 ------------- Run | Yrd Mat Turns Passed 1267 | 148 1119 Spaces Moved 442 | 78 364 Core 10 | 10 . Treads 407 | 68 339 Legs . | . . Wheels 25 | . 25 Hover . | . . Flight . | . . Fastest Speed 50 | 50 140 Average Speed 186 | 145 195 Slowest Speed 240 | 160 240 Overloaded Moves . | . . Propulsion Burnouts . | . . Robots Hopped . | . . Potential Cave-ins . | . . Cave-ins Triggered . | . . Exploration Rate (%) 32 | 5 60 Regions Visited 1 Branch Regions . Pre-discovered Areas . | . . Known Exits Taken . | . . Unknown Exits Taken 1 | 1 . Scrap Searched . | . . Spaces Dug . | . . Terrain Destroyed . | . . Melee . | . . Projectile . | . . AOE . | . . Terrain Rammed 21 | . 21 Walls Destroyed . | . . Machines Disabled . | . . Actions | -11 -10 --------- Run | Yrd Mat Total 693 | 96 597 Wait 91 | . 91 Move 441 | 77 364 Hop . | . . Pick Up 14 | 5 9 Fast Attach 8 | 7 1 Attach 1 | . 1 Detach 1 | . 1 Swap 5 | . 5 Drop 2 | . 2 Fire 110 | 7 103 Melee . | . . Ram 20 | . 20 Kick . | . . Crush . | . . Escape Stasis . | . . Rewire . | . . Trap . | . . Miscellaneous . | . . Route ------- -11/Scrapyard -10/Materials (discovered 2 exits: [*Mat] / [*Min]) History --------- Turn | Location | Event 7 | -11/Scrapyard | Discovered new exit (range 14) 149 | -11/Scrapyard | Entered Materials 296 | -10/Materials | Discovered new exit (range 15) 313 | -10/Materials | Build established: Mutant 556 | -10/Materials | Discovered new exit (range 12) 1248 | -10/Materials | Released all parts (6) 1256 | -10/Materials | Core integrity fell below 50% 1259 | -10/Materials | System corruption reached 10% 1263 | -10/Materials | Core integrity fell below 20% 1268 | -10/Materials | Core destroyed Last Messages --------------- 01260_ R-06 Scavenger collects Ion Engine. 01260_ Slammed into Wall. 01260_ Destabilizing: System corrupted (+2). 01261_ Slammed into Wall. 01261_ Destabilizing: Core damaged (-10). 01262_ /8XLBV%7E0=I=GU%%OYHE4U 01262_ Slammed into Wall. 01262_ Destabilizing: System corrupted (+2). 01263_ Slammed into Wall. 01263_ Destabilizing: System corrupted (+2). 01263_ Destabilizing: Core damaged (-12). 01264_ Slammed into Wall. 01264_ Destabilizing: System corrupted (+2). 01265_ Slammed into Wall. 01265_ Destabilizing: System corrupted (+1). 01266_ Slammed into Wall. 01266_ Destabilizing: System corrupted (+2). 01267_ Slammed into Wall. 01267_ Destabilizing: System corrupted (+2). 01268_ Slammed into Wall. Map ----- +----------------------------------------------------+ | #######??##### #???????????????????? | | ? +???????????????????? | | ? #???????????????????? | | ? #???????????????????? | | ###??###### #???????????????????? | | ?????# #???????????????????? | | ###### % #???????????????????? | | [= % % + ?????????????????? | | ###### % ^ #?????? ????????????? | | ?????# ######+##????? ????????????? | | ?????#### ##????????????? ????????????? | | ????????# #?????????????? ????????????? | | ????????# #?????????????? ????????????? | | ######??# #?????????????? #????????????? | | #??# #?????????????? #????????????? | | #### #??????????????r#????????????? | | + #?????????????# #????????????? | | #### #?????????????#r#????????????? | | #?## ##????????????# #????????????? | | #?# ############## #????????????? | | #?# ==%*! % #????????????? | | ###+#### ############ #????????????? | | ### ##??????????# #????????????? | | ### #???????????#=[[#????????????? | | +???????????#[|[#????????????? | | ^ #???????????#[!@#????????????? | | #???????????#t/!#????????????? | | #???????????# *[#????????????? | | ^ ????????????# *#????????????? | | ????????????#^^^#????????????? | | ### ######????????????+^^ +????????????? | | ??# #???????????????? # #????????????? | | ??# #???????????????? # #????????????? | | ??? #???????????????"?# %#????????????? | | ### #??????????????""?# [ ????????????? | | #?????????????????# ????????????? | | #?????????????????# ????????????? | | " +?????????????????###+#????????????? | | #??????????????????????????????????? | | #??????????????????????????????????? | | ##??????????????????????????????????? | | #???????????????????????????????????? | | #???????????????????????????????????? | | #???????????????????????????????????? | | #???????????????????????????????????? | | ####???????????????????????????????????? | | ???????????????????????????????????????? | | ???????????????????????????????????????? | | ???????????????????????????????????????? | | ???????????????????????????????????????? | +----------------------------------------------------+ Best States ------------- Heat Dissipation 25 Energy Generation 10 Energy Capacity 250 Matter Stores 300 Matter Capacity 300 Sight Range 16 Terrain Scan Density 10 Evasion (%) 50 Recoil Reduction 2 Item Schematics ----------------- None Robot Schematics ------------------ None Fabricated ------------ Nothing Repaired ---------- Nothing Studied --------- None Alien Tech Used ----------------- None Achievements -------------- None Challenges ------------ None Game ------ Seed LightpackVisualReplicator Manual? 0 Play Time 00:13:49 Cumulative 28.0 hours Start 2026.03.21 @ 14:38:18 End 2026.03.21 @ 14:45:43 Sessions 1 Manual Loads 0 Difficulty Rogue Special Mode None Game No. 123 Rogue 123 Adventurer 0 Explorer 0 Win Type - Total 0 Types 0/0/0/0/0/0/0/0/0/0 Lore% 35 Gallery% 26 Achievement% 34 Wizard Run 0 Options --------- Layout 0 ASCII 0 Keyboard 0 Movement Arrows Keybinds 0 Fullscreen 2 Font 18/Terminus Map View 76x50 Zoom Use 0% Tactical HUD 1 Map Filters NONE Filters NONE Steam 1 RUN: 04ed9970-0153-4c86-8637-81104806569d